 Dungeon Crawl Stone Soup version 0.20-a0-1036-g4d371cd (webtiles) character file.

2571 Murumi the Covert (level 9, -1/78 HPs)
             Began as a Naga Enchanter on Apr 22, 2017.
             Was an Initiate of Cheibriados.
             Slain by a hog (3 damage)
             ... on level 7 of the Dungeon.
             The game lasted 00:33:48 (8845 turns).

Murumi the Covert (Naga Enchanter)                  Turns: 8845, Time: 00:33:49

Health: -1/78      AC:  6    Str: 12    XL:     9   Next: 57%
Magic:  1/13       EV: 10    Int: 16    God:    Cheibriados [......]
Gold:   325        SH:  0    Dex: 16    Spells: 2/14 levels left

rFire    . . .     SeeInvis +   t - +1 dagger (venom)
rCold    . . .     Gourm    .   (no shield)
rNeg     . . .     Faith    .   f - +0 robe
rPois    +         Spirit   .   p - +0 helmet
rElec    .         Reflect  .   k - +0 cloak
rCorr    .         Harm     .   (no gloves)
MR       +....                  (no barding)
Stlth    ++++++....             e - amulet of magic regeneration
Regen    0.3/turn               (no ring)
MPRegen  0.2/turn               (no ring)

@: short of breath, very slow
A: see invisible, deformed body, poison resistance, slowness 2, slow metabolism
1, spit poison 1, AC +3
a: Spit Poison, Bend Time, Renounce Religion


You were on level 7 of the Dungeon.
You worshipped Cheibriados.
Cheibriados was noncommittal.
You were very hungry.

You visited 2 branches of the dungeon, and saw 8 of its levels.

You collected 325 gold pieces.

Inventory:

Hand Weapons
 a - a +2 dagger
 t - a +1 dagger of venom (weapon)
Armour
 f - a +0 robe (worn)
 k - a +0 cloak (worn)
 p - a +0 helmet (worn)
Jewellery
 e - an amulet of magic regeneration (around neck)
Wands
 b - a wand of lightning (8/15)
 g - a wand of confusion (0/48)
Scrolls
 h - 7 scrolls of remove curse
 i - 3 scrolls of enchant weapon
 l - 3 scrolls of teleportation {unknown}
 m - a scroll of magic mapping {unknown}
Books
 c - a book of Maledictions

   Spells                             Type                      Level
   a - Corona                         Hexes                        1
   b - Ensorcelled Hibernation        Hexes/Ice                    2
   c - Confuse                        Hexes                        3
   d - Tukima's Dance                 Hexes                        3
   e - Dazzling Spray                 Conjuration/Hexes            3
 o - Qohyal's Disquisition on Creative Shape Shifting
   (You found it on level 7 of the Dungeon)

   Spells                             Type                      Level
   a - Summon Butterflies             Summoning                    1
   b - Summon Lightning Spire         Summoning/Air                4
   c - Statue Form                    Transmutation/Earth          6
   d - Dragon's Call                  Summoning                    9
 q - a book of Battle

   Spells                             Type                      Level
   a - Infusion                       Charms                       1
   b - Shroud of Golubria             Charms/Translocation         2
   c - Song of Slaying                Charms                       2
   d - Spectral Weapon                Hexes/Charms                 3
   e - Regeneration                   Charms/Necromancy            3
Comestibles
 d - 5 bread rations
 j - 3 royal jellies
 n - 4 fruits


   Skills:
 - Level 4.0 Fighting
 - Level 6.3 Short Blades
 + Level 2.0 Dodging
 - Level 14.1 Stealth
 - Level 3.1 Spellcasting
 - Level 4.0 Hexes


You had 2 spell levels left.
You knew the following spells:

 Your Spells              Type           Power        Failure   Level  Hunger
a - Corona                Hex            ###....      3%          1    None
b - Ensorcelled Hibernat  Hex/Ice        #.....       12%         2    ##.....
c - Confuse               Hex            ###.....     11%         3    ###....
d - Tukima's Dance        Hex            ###.....     11%         3    ###....
e - Dazzling Spray        Conj/Hex       #.....       24%         3    ###....


Dungeon Overview and Level Annotations

Branches:
Dungeon (7/15)             Temple (1/1) D:6

Altars:
Ashenzari
Cheibriados
Dithmenos
Elyvilon
Fedhas
Gozag
Hepliaklqana
Kikubaaqudgha
Makhleb
Nemelex Xobeh
Okawaru
Qazlal
Ru
Sif Muna
Trog
Uskayaw
Vehumet
Wu Jian
Xom
Zin


Innate Abilities, Weirdness & Mutations

You cannot wear boots.
Your serpentine skin is tough. (AC +3)
You have supernaturally acute eyesight. (SInv)
Armour fits poorly on your strangely shaped body.
Your system is resistant to poisons. (rPois)
You cover ground very slowly.
You have a slow metabolism.
You can spit poison.


Message History

Your Stealth skill increases to level 14!
You hit the hog.
The hog is lightly wounded.
The hog closely misses you.
You closely miss the hog.
The hog is lightly wounded.
The hog misses you.
You hit the hog but do no damage.
The hog is lightly wounded.
The hog closely misses you.
You hit the hog but do no damage.
The hog is poisoned.
The hog is lightly wounded.
You have got your breath back.
The hog closely misses you.
Press: ? - help, Shift-Dir - straight line, f - hog
Aim: a hog (lightly wounded, poisoned)
The splash of poison hits the hog.
The hog looks even sicker.
The hog is moderately wounded.
You feel slightly more hungry. The hog bites you.
You die...

# ###.#######.# #.#
# #.##......# #.# #
#.##.###### #.#
######.##.# #.#
#...##.##.# #.#
....##.##.# #.#
#...##.##.# #
##.###############.#
#.# #.....##.h@..#
#.# #.....##.#####.#
#.# ###h###.........
##.#
#%..Y.#h.#######
...# #%%.h.'...##
##.# #######....####
#.#####............#
#...............##.#
########.#.....## .


You could see a hog.

Vanquished Creatures
  A yak (D:7)
  A human (D:7)
  2 hogs (D:7)
  Menkaure (D:7)
  2 ice beasts
  An ogre (D:5)
  A phantom (D:4)
  A necrophage (D:7)
  A centaur (D:5)
  A sky beast (D:6)
  2 big kobolds (D:5)
  2 bullfrogs
  A scorpion (D:5)
  2 howler monkeys (D:4)
  2 crimson imps (D:6)
  A hound (D:5)
  A bullfrog zombie (D:5)
  A bullfrog skeleton (D:6)
  3 orc priests
  2 iguanas
  7 orc wizards
  5 worker ants
  A worker ant zombie (D:5)
  Robin (D:4)
  3 gnolls
  9 adders
  A howler monkey skeleton (D:6)
  2 oozes
  2 adder skeletons (D:4)
  4 worms
  A dart slug (D:1)
  5 leopard geckos
  21 orcs
  A ball python (D:2)
  7 bats
  7 giant cockroaches
  14 goblins
  11 hobgoblins
  18 jackals
  14 kobolds
  4 frilled lizards
  A leopard gecko zombie (D:7)
  A quokka skeleton (D:6)
  8 rats
177 creatures vanquished.

Vanquished Creatures (others)
  An ogre (D:6)
  A bullfrog (D:6)
  An adder skeleton (D:6)
3 creatures vanquished.

Grand Total: 180 creatures vanquished

Notes
Turn   | Place    | Note
-------+----------+-------------------------------------------
     0 | D:1      | Murumi the Naga Enchanter began the quest for the Orb.
     0 | D:1      | Reached XP level 1. HP: 15/15 MP: 3/3
   343 | D:1      | Reached XP level 2. HP: 22/22 MP: 5/5
   347 | D:1      | Learned a level 2 spell: Ensorcelled Hibernation
   659 | D:1      | Reached skill level 5 in Stealth
   895 | D:1      | You fall through a shaft!
   957 | D:2      | Reached XP level 3. HP: 28/28 MP: 6/6
   962 | D:2      | Learned a level 3 spell: Confuse
  1014 | D:2      | Found a shattered altar of Ashenzari.
  1185 | D:2      | Reached skill level 6 in Stealth
  1513 | D:2      | Reached skill level 1 in Fighting
  1681 | D:2      | Found a sacrificial altar of Ru.
  1824 | D:2      | Reached XP level 4. HP: 36/38 MP: 7/7
  2430 | D:3      | Reached skill level 7 in Stealth
  2480 | D:3      | Reached XP level 5. HP: 21/44 MP: 1/8
  2622 | D:3      | Reached skill level 8 in Stealth
  2873 | D:3      | Found a hide-covered altar of Uskayaw.
  3501 | D:4      | Reached skill level 9 in Stealth
  3501 | D:4      | Reached XP level 6. HP: 51/51 MP: 9/9
  3515 | D:4      | Learned a level 3 spell: Tukima's Dance
  3592 | D:4      | Reached skill level 10 in Stealth
  3895 | D:4      | Found a sparkling altar of Nemelex Xobeh.
  3908 | D:4      | Found a bloodstained altar of Trog.
  3908 | D:4      | Found an iron altar of Okawaru.
  4009 | D:4      | Noticed a phantom
  4206 | D:4      | Killed a phantom
  4290 | D:4      | Reached skill level 11 in Stealth
  4296 | D:4      | Reached XP level 7. HP: 42/57 MP: 3/10
  4458 | D:4      | Found a white marble altar of Elyvilon.
  4594 | D:4      | Noticed Robin
  4633 | D:4      | Killed Robin
  5113 | D:5      | Entered Level 5 of the Dungeon
  5228 | D:5      | Reached skill level 12 in Stealth
  5553 | D:5      | Found a burning altar of Makhleb.
  5572 | D:5      | Found a stormy altar of Qazlal.
  5922 | D:5      | Reached XP level 8. HP: 69/69 MP: 11/11
  6415 | D:6      | HP: 5/103 [orc/club (2)]
  6895 | D:6      | Reached skill level 13 in Stealth
  7741 | D:6      | Found a staircase to the Ecumenical Temple.
  7750 | Temple   | Entered the Ecumenical Temple
  7797 | Temple   | Became a worshipper of Cheibriados the Contemplative
  8311 | D:6      | Reached skill level 5 in Short Blades
  8311 | D:6      | Reached XP level 9. HP: 73/75 MP: 13/13
  8316 | D:6      | Learned a level 3 spell: Dazzling Spray
  8573 | D:7      | Identified Qohyal's Disquisition on Creative Shape Shifting
  8777 | D:7      | Noticed Menkaure
  8782 | D:7      | Killed Menkaure
  8839 | D:7      | HP: 1/78 [hog (3)]
  8840 | D:7      | Reached skill level 14 in Stealth
  8845 | D:7      | Slain by a hog

Vault maps used:
D:1:      minmay_arrival_stair_chambers, grunt_decor_one_mirror
D:2:      nicolae_ashenzari_panopticon, marbit_many_paths
D:3:      eat_drink_and_be_merry_uskayaw
D:4:      grunt_temple_overflow_bloody_war, nemelex_xobeh_ov_fountains_minmay,
          kennysheep_mini_moat, first_bread, hangedman_glass_teeth, uniq_robin
D:5:      cheibrodos_thug_alley, overflow_temple_1_default,
          nicolae_qazlal_general_emergency
D:6:      lemuel_temple_firewalk_b
D:7:      grunt_livestock, grunt_dithmenos_shadows, uniq_menkaure
Temple:   jpeg_temple_clearing

Skill      XL: |  1  2  3  4  5  6  7  8  9 |
---------------+----------------------------+-----
Dodging        | 2 |  2.0
Stealth        | 5 6 7 9 11 12 13 14 | 14.1
Fighting       | 1 3 4 |  4.0
Short Blades   | 3 5 6 |  6.3
Spellcasting   | 3 |  3.1
Hexes          | 4 |  4.0

Action                   |  1- 3 |  4- 6 |  7- 9 || total
-------------------------+-------+-------+-------++-------
Melee: Dagger            |    68 |   189 |   204 ||   461
 Cast: Ensorcelled Hiber |     6 |    18 |    47 ||    71
       Corona            |       |     2 |       ||     2
       Confuse           |       |     1 |    10 ||    11
       Tukima's Dance    |       |       |     2 ||     2
 Abil: Spit Poison       |    13 |    19 |    10 ||    42
Evoke: Wand              |       |       |     4 ||     4
  Use: Scroll            |     3 |     5 |     2 ||    10
       Potion            |       |     3 |     7 ||    10
 Stab: Sleeping          |    12 |    17 |    30 ||    59
       Distracted        |       |     2 |     2 ||     4
       Confused          |       |     2 |     3 ||     5
  Eat: Chunk             |     3 |     8 |    13 ||    24
       Bread ration      |       |       |     1 ||     1
Armor: Robe              |    23 |    47 |    71 ||   141
Dodge: Dodged            |    41 |   113 |   120 ||   274
